[Event "*** Titled Tuesday Blitz"]
[Site "Chess.com"]
[Date "2020.04.14"]
[Round "4"]
[White "narutosmith"]
[Black "Nastya_Rakhmangulova"]
[Result "1-0"]
[WhiteElo "2204"]
[BlackElo "2393"]
[TimeControl "180+1"]
[EndTime "10:39:38 PDT"]
[Termination "narutosmith won on time"]

1. c4 c6 2. d4 d5 3. Nc3 Nf6 4. e3 a6 5. Nf3 e6 6. Bd3 dxc4 7.
Bxc4 b5 8. Bd3 Bb7 9. O-O c5 10. dxc5 Bxc5 11. Qe2 O-O 12. e4 Nbd7 13. Bg5 Qb6 14. a4 b4 15. a5 Qc6 16. Bxf6 Nxf6 17.
Na4 Ba7 18. Rfc1 Qd7 19. Ne5 Qd4 20. Nf3 Qd7 21. Nb6 Bxb6 22. axb6 Rfd8 23. Bxa6 Bxe4 24.
Rd1 Bxf3 25. gxf3 Nd5 26. Bc4 Rxa1 27. Rxa1 Nf4 28. Qe4 Qd6 29. b7 e5 30. Ra8 Rb8 31.
Rxb8+ Qxb8 32. Qc6 1-0

[Event "*** Titled Tuesday Blitz"]
[Site "Chess.com"]
[Date "2020.04.14"]
[Round "4"]
[White "MosheFriedland"]
[Black "earling8018"]
[Result "0-1"]
[WhiteElo "2202"]
[BlackElo "2037"]
[TimeControl "180+1"]
[EndTime "10:39:38 PDT"]
[Termination "earling8018 won on time"]

1. e4 e5 2. Nf3 Nc6 3. Bc4 Nf6 4.
d3 h6 5. O-O d6 6. Re1 g6 7. d4 exd4 8. Nxd4 Nxd4 9. Qxd4 Bg7 10. e5 dxe5 11. Qxe5+ Kf8 12. Nc3 Bf5 13. Bf4 Ne4 14.
Qxc7 Qxc7 15. Bxc7 Nxc3 16. Bd6+ Kg8 17. bxc3 Bxc3 18.
Be5 Bxa1 19. Bxa1 Rh7 20. Bb3 Be6 21. Bxe6 fxe6 22. Rxe6 g5 23. g3 Rc8 24. Kg2 Rxc2 25.
Re8+ Kf7 26. Rb8 Rc7 27. Be5 Rd7 28. Ra8 a6 29. a4 Ke6 30. f4 gxf4 31. Bxf4 Kd5 32.
a5 h5 33. Rg8 Kc4 34. Rg5 h4 35. g4 h3+ 0-1

[Event "*** Titled Tuesday Blitz"]
[Site "Chess.com"]
[Date "2020.04.14"]
[Round "4"]
[White "artichaud"]
[Black "tamarozi99"]
[Result "1-0"]
[WhiteElo "2215"]
[BlackElo "1955"]
[TimeControl "180+1"]
[EndTime "10:39:38 PDT"]
[Termination "artichaud won by resignation"]

1. e4 c5 2. Nf3 Nc6 3. d4 cxd4 4. Nxd4 g6 5. c4 d6 6. Ne2 Nf6 7. Nbc3 Bg7 8. f3 O-O 9. Be3 a6 10. Qd2 Qa5 11. Nf4 Be6 12. Rc1 Rab8 13. b3 Rfc8 14. Na4 Qxd2+ 15. Kxd2 b5 16. Nb6 Rxb6 17. Bxb6 Rb8 18. Be3 Nb4 19. a3 Nc6 20. cxb5 Ne5 21. b6 Bxb3 22. Bxa6 Nfd7 23. b7 Bf6 24. Rc8+ Kg7 25.
Ba7 Rxb7 26. Bxb7 Nc4+ 27. Kc1 Bb2+ 28. Kb1 Nde5 29. Bd5 e6 30. Bxc4 Nxc4 31. Rxc4 Bxc4 32. Kxb2 1-0

[Event "*** Titled Tuesday Blitz"]
[Site "Chess.com"]
[Date "2020.04.14"]
[Round "4"]
[White "Indianlad"]
[Black "Incognito_Knight"]
[Result "1-0"]
[WhiteElo "2974"]
[BlackElo "2757"]
[TimeControl "180+1"]
[EndTime "10:39:39 PDT"]
[Termination "Indianlad won on time"]

1. Nf3 d5 2. e3 Nf6 3. c4 e6 4. Nc3 b6 5. cxd5 exd5 6. b4 c6 7. b5 c5 8. d4 Be7 9. Be2 O-O 10.
O-O Bb7 11. a4 Nbd7 12. Bb2 Re8 13. Ne5 Nxe5 14. dxe5 Ne4 15. Nxe4 dxe4 16. Bc4 Qxd1 17. Rfxd1 Red8 18. e6 fxe6 19. Bxe6+ Kf8 20. Kf1 Bf6 21.
Bxf6 gxf6 22. g4 Ke7 23. Bc4 Rxd1+ 24. Rxd1 Rd8 25. Ra1 Rd2 26. a5 Kd6 27. Ke1 Rc2 28.
a6 Bxa6 29. Be2 Bb7 30. Rxa7 Kc7 31. Ra4 Rb2 32. h4 h6 33. Ra1 Kd6 34. Rd1+ Ke7 35. Bc4 Rb4 36. Be2 Rb2 37. h5 Rb4 38. Ra1 Kd6 39.
Rd1+ Ke7 40. Rd2 Rb1+ 41. Bd1 Rxb5 42. Ra2 Ra5 43. Rb2 b5 44. Kd2 b4 45. Bb3 1-0

[Event "*** Titled Tuesday Blitz"]
[Site "Chess.com"]
[Date "2020.04.14"]
[Round "4"]
[White "Jospem"]
[Black "ClassyEl"]
[Result "1-0"]
[WhiteElo "2898"]
[BlackElo "2710"]
[TimeControl "180+1"]
[EndTime "10:39:39 PDT"]
[Termination "Jospem won on time"]

1. c4 e6 2. Nf3 b6 3. g3 Bb7 4. Bg2 Nf6 5. O-O Be7 6. b3 O-O 7. Bb2 c5 8. e3 d5 9. Nc3 dxc4 10.
bxc4 Nbd7 11. Qe2 a6 12. Rad1 Qc7 13. d3 Rfd8 14. Ne1 Bxg2 15. Nxg2 Qc6 16. a4 Bf8 17. f4 g6 18. Nh4 Bg7 19. Nf3 Ne8 20. g4 Nc7 21.
Rb1 Rab8 22. Ne4 Bxb2 23. Rxb2 f5 24. Ng3 Nf6 25. Ne5 Qxa4 26. Rfb1 Qe8 27. g5 Nd7 28. Nc6 b5 29. Nxd8 Qxd8 30. h4 b4 31. h5 a5 32.
Ra2 Ne8 33. Kf2 Qc7 34. Qb2 e5 35. hxg6 hxg6 36. Ne2 Ng7 37. Rba1 Kf7 38. Rxa5 exf4 39. Nxf4 Rh8 40. Qxg7+ 1-0

[Event "*** Titled Tuesday Blitz"]
[Site "Chess.com"]
[Date "2020.04.14"]
[Round "4"]
[White "Anna_ChessMate"]
[Black "LuisFSiles"]
[Result "1-0"]
[WhiteElo "2615"]
[BlackElo "2313"]
[TimeControl "180+1"]
[EndTime "10:39:39 PDT"]
[Termination "Anna_ChessMate won by resignation"]

1. d4 f5 2. c4 Nf6 3. Nc3 g6 4. h4 h6 5. Qc2 d6 6. e4 fxe4 7. Nxe4 Bf5 8. Bd3 e6 9. Ne2 Nc6 10. a3 Nxe4 11. Bxe4 Qf6 12. Bxc6+ bxc6 13. Qa4 Be4 14. f3 Bxf3 15. gxf3 Qxf3 16. Rf1 Qe4 17. Bf4 Rb8 18. b4 Bg7 19. Kd2 O-O 20. Qc2 Qxc2+ 21. Kxc2 Rf5 22. Ng3 Rff8 23. Be3 Kh7 24. Rxf8 Rxf8 25.
Rf1 Rxf1 26. Nxf1 g5 27. hxg5 hxg5 28. Bxg5 Bxd4 29. Be3 Bxe3 30. Nxe3 Kg6 31. Kd3 Kf6 32. Ke4 e5 33. b5 cxb5 34. Nd5+ Kf7 35. cxb5 1-0

[Event "*** Titled Tuesday Blitz"]
[Site "Chess.com"]
[Date "2020.04.14"]
[Round "4"]
[White "AttilaTurzo"]
[Black "silverback96"]
[Result "0-1"]
[WhiteElo "2491"]
[BlackElo "2213"]
[TimeControl "180+1"]
[EndTime "10:39:39 PDT"]
[Termination "silverback96 won by resignation"]

1. d4 Nf6 2. Nf3 c5 3. d5 e6 4. Nc3 Nxd5 5. Nxd5 exd5 6. Qxd5 Nc6 7. e4 d6 8. Be2 Be6 9. Qg5 Nb4 10. Qd2 d5 11.
Bb5+ Bd7 12. Bxd7+ Qxd7 13. exd5 O-O-O 14. c4 Re8+ 15. Kf1 Qf5 16. b3 Nc2 17. Nh4 Qe4 18. f3 Qe1+ 19. Qxe1 Rxe1+ 20. Kf2 Rxh1 21. Rb1 g6 22. f4 Bd6 23. Nf3 Bxf4 24. Ng1 Bxc1 25. Rxc1 Nd4 26. g3 Rxh2+ 27. Kf1 Rxa2 28. Nh3 Re8 29. Ng5 Ree2 30. Rb1 Rf2+ 31. Kg1 Nf3+ 32. Nxf3 Rxf3 33. b4 Rxg3+ 34.
Kf1 cxb4 35. Rxb4 h5 36. c5 h4 37. Rxh4 Rb3 38. Re4 Rb1+ 39. Re1 Rxe1+ 40. Kxe1 g5 41.
d6 g4 42. Kf1 g3 43. Kg1 Kd7 0-1

[Event "*** Titled Tuesday Blitz"]
[Site "Chess.com"]
[Date "2020.04.14"]
[Round "4"]
[White "InitiatingASC"]
[Black "kreonx"]
[Result "1-0"]
[WhiteElo "2450"]
[BlackElo "2240"]
[TimeControl "180+1"]
[EndTime "10:39:39 PDT"]
[Termination "InitiatingASC won on time"]

1. d4 f5 2. g3 Nf6 3. Bg2 g6 4. Nh3 Bg7 5. Nd2 O-O 6. Nf3 d6 7. Nf4 Nc6 8. d5 Ne5 9. h4 c6 10. h5 Nfg4 11. hxg6 hxg6 12. Nd4 Qb6 13. e3 Bd7 14. a4 a5 15. Ra3 Qa7 16. Nde6 Bxe6 17. Nxe6 Rf7 18. Bd2 Nc4 19. Rb3 Nxb2 20. Qb1 Nxa4 21. Rxb7 Qa6 22. Bf1 Nc3 23. Bxc3 Bxc3+ 24. Kd1 Nxf2+ 25. Kc1 Qxb7 26. Qxb7 Re8 27. Rh6 Rf6 28. Bc4 c5 29. Bb5 1-0

[Event "*** Titled Tuesday Blitz"]
[Site "Chess.com"]
[Date "2020.04.14"]
[Round "4"]
[White "atalz0"]
[Black "WinstonSilvakov"]
[Result "1-0"]
[WhiteElo "2399"]
[BlackElo "2145"]
[TimeControl "180+1"]
[EndTime "10:39:39 PDT"]
[Termination "atalz0 won by resignation"]

1. d4 Nf6 2. c4 e5 3. dxe5 Ng4 4. Bf4 Bc5 5. e3 d6 6. Nf3 Nc6 7. exd6 Qf6 8. Qd2 cxd6 9. Nc3 Bb4 10. Be2 Bxc3 11. bxc3 h6 12. Bxd6 Be6 13. O-O Nge5 14. c5 O-O-O 15. Rab1 Nc4 16. Bxc4 Bxc4 17. Rfd1 g5 18. Qb2 Ba6 19. Nd4 Nxd4 20. cxd4 Rxd6 21. cxd6 Qxd6 22. Qc3+ Kb8 23. Qc5 Qe6 24. Qe5+ Qxe5 25. dxe5 Re8 26. f4 b6 27. Rd6 gxf4 28. exf4 Rc8 29.
Rb2 Rc1+ 30. Kf2 h5 31. Rh6 Rf1+ 32. Kg3 Ra1 33. Rxh5 Bc4 34. f5 Bxa2 35. Rh4 Kc7 36.
Ra4 Re1 37. Raxa2 Rxe5 38. Rf2 a5 39. Rae2 Rxe2 40. Rxe2 b5 41. Re7+ Kd6 42. Rxf7 b4 43.
Kf4 b3 44. Rb7 a4 45. f6 Kc6 46. Rb8 Kc7 47. Rb4 Kd6 48. Rxa4 Ke6 49. Rb4 b2 50. Rxb2 Kxf6 51. g4 Ke6 52. g5 Kd5 53. g6 Kd4 54. Re2 Kd3 55. Re7 Kd4 56. g7 1-0

[Event "*** Titled Tuesday Blitz"]
[Site "Chess.com"]
[Date "2020.04.14"]
[Round "4"]
[White "Zurability"]
[Black "BocharovD"]
[Result "1-0"]
[WhiteElo "2710"]
[BlackElo "2870"]
[TimeControl "180+1"]
[EndTime "10:39:40 PDT"]
[Termination "Zurability won by resignation"]

1. Nf3 c5 2. c4 Nc6 3. Nc3 g6 4. e3 Nf6 5. d4 cxd4 6. exd4 d5 7.
cxd5 Nxd5 8. Bc4 Nb6 9. Bb5 Bg7 10. h3 O-O 11. Bxc6 bxc6 12. O-O Be6 13. Bf4 Nd5 14. Be5 f6 15. Bg3 Re8 16. Ne4 Bf7 17. Nc5 Qb6 18. Qc1 a5 19. Re1 Qb5 20. Nd2 Nb4 21. b3 Bd5 22.
Qc3 e5 23. dxe5 fxe5 24. Nde4 Rad8 25. a3 Bxe4 26. Rxe4 Nd3 27. b4 axb4 28. axb4 Nxc5 29. bxc5 Rd5 30. Rc1 Rd3 31. Qc2 Rd4 32. Rce1 Rd5 33. Rc4 Red8 34. Kh2 Rd4 35. Rxd4 exd4 36. Qa2+ Kh8 37.
Re7 d3 38. Qf7 1-0

[Event "*** Titled Tuesday Blitz"]
[Site "Chess.com"]
[Date "2020.04.14"]
[Round "4"]
[White "wannabe2700"]
[Black "malandragem"]
[Result "0-1"]
[WhiteElo "2660"]
[BlackElo "2519"]
[TimeControl "180+1"]
[EndTime "10:39:40 PDT"]
[Termination "malandragem won by resignation"]

1. e4 c5 2. d4 cxd4 3. Nf3 e6 4. Nxd4 Nf6 5. Nc3 d6 6. g4 Nc6 7. g5 Nd7 8. h4 Be7 9. Bg2 O-O 10. O-O a6 11. Be3 Nxd4 12. Qxd4 b5 13. a4 bxa4 14. Rxa4 Rb8 15. b3 Ne5 16. f4 Ng4 17. f5 Nxe3 18. Qxe3 a5 19. Qf3 Qc7 20. f6 Bd8 21. fxg7 Qc5+ 22. Kh1 Kxg7 23. Rc4 Qe5 24. Ra4 Ba6 25.
Rf2 Rc8 26. Nd1 Bb5 27. Ra2 Bb6 28. Ne3 Rc3 29. Qf6+ Qxf6 30. gxf6+ Kh8 31. Nd1 Rg3 32. Rf3 Rg4 33. Ne3 Rxh4+ 34. Bh3 Rxe4 35. Ng2 Rg8 36. Kh2 Re2 37. Rg3 Bg1+ 38. Kxg1 Rxg3 39. c4 Rxa2 40.
cxb5 Rxh3 0-1

[Event "*** Titled Tuesday Blitz"]
[Site "Chess.com"]
[Date "2020.04.14"]
[Round "4"]
[White "Kaua18"]
[Black "K1TTYGANG"]
[Result "1-0"]
[WhiteElo "2259"]
[BlackElo "2092"]
[TimeControl "180+1"]
[EndTime "10:39:40 PDT"]
[Termination "Kaua18 won by resignation"]

1. e4 e6 2. d4 d5 3. Nd2 c5 4. exd5 Qxd5 5. Ngf3 cxd4 6. Bc4 Qd6 7. O-O Nf6 8. Nb3 Nc6 9. Re1 a6 10. Nbxd4 Nxd4 11. Nxd4 Qc7 12. Bb3 Bd6 13. h3 Bh2+ 14. Kh1 Bf4 15.
Bxe6 O-O 16. Bxc8 Raxc8 17. c3 Bxc1 18. Qxc1 h6 19. Qe3 Rfe8 20. Qf3 Qb6 21. b4 Qc7 22. Rxe8+ Rxe8 23. Nf5 Qe5 24. Rd1 Rc8 25. Rc1 Kh7 26. Kg1 g6 27. Nd4 Rc7 28. Kf1 Kg7 29. Re1 Qg5 30. Ne2 Nd5 31. h4 Qf5 32. Qxf5 gxf5 33. Rc1 Nxb4 34. cxb4 Rd7 35. Ke1 Rd3 36. Ng3 Kg6 37. h5+ Kg5 38. Rc5 Ra3 39. Rxf5+ Kg4 40. Rxf7 Rxa2 41. Rxb7 Rb2 42. Rb6 Ra2 43. Rxh6 1-0

[Event "*** Titled Tuesday Blitz"]
[Site "Chess.com"]
[Date "2020.04.14"]
[Round "4"]
[White "Charlottemillard17"]
[Black "1lec"]
[Result "0-1"]
[WhiteElo "1375"]
[BlackElo "2153"]
[TimeControl "180+1"]
[EndTime "10:39:41 PDT"]
[Termination "1lec won on time"]

1. e4 c5 2. c3 Nf6 3. Bd3 Nc6 4. Bc2 d5 5. e5 Nxe5 6. d4 cxd4 7. cxd4 Nc6 8. Nc3 Bg4 9. f3 Bh5 10. Nge2 e6 11. Bg5 Be7 12. h4 Bg6 13. Ba4 h6 14.
Bc1 Rc8 15. g4 Nd7 16. h5 Bh7 17. Rg1 Nb6 18. Bb5 Nc4 19. b3 Nb6 20. a3 a6 21. Bd3 Bh4+ 22. Kf1 Bxd3 23. Qxd3 Bf6 24. f4 Qc7 25. Bd2 Be7 26. Qf3 Qd7 27. g5 hxg5 28. fxg5 Bd6 29. Ke1 Ne7 30. g6 f6 0-1

[Event "*** Titled Tuesday Blitz"]
[Site "Chess.com"]
[Date "2020.04.14"]
[Round "4"]
[White "GM-2023"]
[Black "KacperPolOK"]
[Result "0-1"]
[WhiteElo "2073"]
[BlackElo "2248"]
[TimeControl "180+1"]
[EndTime "10:39:42 PDT"]
[Termination "KacperPolOK won on time"]

1. e4 e6 2. d4 d5 3. Nc3 Nf6 4. e5 Nfd7 5. Nf3 c5 6. Bg5 Qb6 7. dxc5 Bxc5 8. Qd2 h6 9. Be3 Bxe3 10. fxe3 Nc6 11.
Nb5 O-O 12. Qc3 Qa5 13. Qxa5 Nxa5 14. O-O-O Nc6 15. c4 dxc4 16. Bxc4 Ndxe5 17. Be2 Nxf3 18. gxf3 a6 19. Nd4 Bd7 20. Nf5 Rfd8 21. Nd6 Rab8 22. Rhg1 Kf8 23. Rd2 g6 24. Rgd1 Ke7 25. f4 Be8 26. e4 e5 27. f5 Nd4 28. Nc4 gxf5 29. exf5 Nxe2+ 30. Rxe2 Rbc8 31. Rxe5+ Kf6 32. Re4 Kxf5 33.
Rh4 Rxd1+ 34. Kxd1 Rd8+ 35. Ke2 Bb5 36. b3 Kg5 37.
Re4 f5 0-1

[Event "*** Titled Tuesday Blitz"]
[Site "Chess.com"]
[Date "2020.04.14"]
[Round "4"]
[White "DishonorOnYourCow"]
[Black "Cuchulin"]
[Result "1-0"]
[WhiteElo "2262"]
[BlackElo "2101"]
[TimeControl "180+1"]
[EndTime "10:39:43 PDT"]
[Termination "DishonorOnYourCow won by resignation"]

1. d4 d5 2. c4 c6 3. Nf3 Nf6 4. e3 g6 5. Nc3 Bg7 6. b3 O-O 7. Bb2 Bg4 8. Be2 Nbd7 9. O-O Re8 10. Rc1 Ne4 11. cxd5 Nxc3 12. Rxc3 cxd5 13. h3 Bxf3 14. Bxf3 e6 15. Qe2 Rc8 16. Rfc1 Rxc3 17. Rxc3 a6 18. Qc2 Qb6 19. Rc7 Nb8 20. Rc8 Qb5 21.
Qc7 Bf8 22. Qxb8 Rxc8 23. Qxc8 Kg7 24. e4 Qd3 25. Qc3 Qb1+ 26. Qc1 Qxa2 27. exd5 Qxb3 28. dxe6 fxe6 29. d5+ Kg8 30. dxe6 Qxe6 31. Qc3 h6 32.
Bxb7 Qd7 33. Qh8+ Kf7 34. Qh7+ Ke8 35. Qxg6+ Kd8 36. Qb6+ Ke7 37. Ba3+ Kf7 38. Qb3+ Ke8 39. Qe3+ Kf7 40. Qf3+ Kg6 41. Bxf8 1-0

[Event "*** Titled Tuesday Blitz"]
[Site "Chess.com"]
[Date "2020.04.14"]
[Round "4"]
[White "freshfoodcompany"]
[Black "bmt011"]
[Result "0-1"]
[WhiteElo "2202"]
[BlackElo "1995"]
[TimeControl "180+1"]
[EndTime "10:39:43 PDT"]
[Termination "bmt011 won on time"]

1. d4 Nf6 2. c4 e6 3. Nc3 Bb4 4. e3 O-O 5. Bd3 d5 6. Nf3 b6 7. O-O Bb7 8. cxd5 exd5 9. Qc2 a6 10. a3 Bd6 11. b4 Re8 12. Bb2 Nbd7 13. Rac1 Qe7 14.
Nh4 Ng4 15. Nf3 g6 16. h3 Nh6 17.
Rfe1 f5 18. Nd2 Nf6 19. f3 Nh5 20. e4 Bg3 21. Rf1 Bf4 22. exf5 Be3+ 23. Kh2 Qd6+ 24. f4 Bxf4+ 25. Rxf4 Qxf4+ 26. Kg1 Qe3+ 27. Kh2 Qg3+ 28.
Kg1 Nf4 29. Bf1 Nxh3+ 30. Kh1 Nf2+ 31. Kg1 Nh3+ 32. Kh1 Nf2+ 33. Kg1 Nfg4 34. Nf3 Re3 35. fxg6 Rxf3 36. gxh7+ Kh8 0-1

[Event "*** Titled Tuesday Blitz"]
[Site "Chess.com"]
[Date "2020.04.14"]
[Round "4"]
[White "iLuusions"]
[Black "CalinGheorghiu"]
[Result "0-1"]
[WhiteElo "2557"]
[BlackElo "2350"]
[TimeControl "180+1"]
[EndTime "10:39:44 PDT"]
[Termination "CalinGheorghiu won by resignation"]

1. d4 Nf6 2. c4 e6 3. Nf3 d5 4. g3 Be7 5. Bg2 O-O 6. O-O dxc4 7. Qc2 b6 8. Bg5 Nd5 9. Bxe7 Qxe7 10. Qxc4 Bb7 11. a3 c5 12. dxc5 Rc8 13. Nbd2 Rxc5 14. Qa4 Nd7 15. b4 Nc3 16. Qb3 Nxe2+ 17. Kh1 Rc7 18. Qd3 Nc3 19. Rfc1 Rac8 20. h4 Nf6 21. Kg1 Ncd5 22. Rxc7 Qxc7 23. Nd4 a6 24. Ne4 Nxe4 25.
Bxe4 Nf6 26. Bxb7 Qxb7 27. Ne2 b5 28. Rd1 g6 29. Nf4 Qc6 30. Qd4 Ng4 31. h5 e5 32.
Qd2 exf4 33. Qxf4 gxh5 34. Qg5+ Qg6 0-1

[Event "*** Titled Tuesday Blitz"]
[Site "Chess.com"]
[Date "2020.04.14"]
[Round "4"]
[White "Kobalia"]
[Black "IMTominho"]
[Result "1-0"]
[WhiteElo "2668"]
[BlackElo "2839"]
[TimeControl "180+1"]
[EndTime "10:39:45 PDT"]
[Termination "Kobalia won by resignation"]

1. e4 e5 2. Nf3 Nf6 3. Nxe5 d6 4. Nf3 Nxe4 5. d3 Nf6 6. d4 Be7 7. Bd3 O-O 8. O-O Bg4 9. h3 Bh5 10. c4 Nbd7 11. Nc3 Re8 12. Bf4 Nf8 13. d5 c6 14.
dxc6 bxc6 15. Re1 Ne6 16. Bh2 a5 17. Bc2 Qb6 18. g4 Bg6 19. Bxg6 hxg6 20. b3 Rad8 21. Qc2 d5 22. Rad1 Bb4 23. g5 Ne4 24. Nxe4 Bxe1 25. Nd6 Bb4 26. Nxe8 Rxe8 27. cxd5 cxd5 28. Rxd5 Qb7 29.
Qd1 Rc8 30. h4 Ba3 31. Kg2 Rc3 32. Rd7 Qe4 33. Bg3 Qg4 34. Rxf7 Kh7 35. Qe1 Bd6 36. Qxc3 Nf4+ 37. Rxf4 Bxf4 38. Qd4 1-0

[Event "*** Titled Tuesday Blitz"]
[Site "Chess.com"]
[Date "2020.04.14"]
[Round "4"]
[White "AlexandraSamaganova"]
[Black "mortngabriel"]
[Result "0-1"]
[WhiteElo "2157"]
[BlackElo "2377"]
[TimeControl "180+1"]
[EndTime "10:39:45 PDT"]
[Termination "mortngabriel won by resignation"]

1. c4 e6 2. Nc3 Nf6 3. e4 d5 4.
e5 d4 5. exf6 dxc3 6. bxc3 Qxf6 7. Nf3 Bd6 8. Bd3 b6 9. Be4 c6 10. d4 h6 11. O-O O-O 12. Rb1 Ba6 13. Bd3 Nd7 14. Re1 Rfd8 15. Qa4 Bb7 16. c5 Bxc5 17. Bc2 Bf8 18. Qc4 c5 19. Be4 Bxe4 20. Rxe4 cxd4 21.
cxd4 Rac8 22. Qa4 Qf5 23. Nd2 Nc5 24. dxc5 Bxc5 25. Rf4 Qg6 26. Rb3 Bd6 27. Rc4 Qh5 28. Nf3 b5 29. Rxc8 Rxc8 30. Qxb5 Rxc1+ 31. Qf1 Rxf1+ 32. Kxf1 Qd5 33. g3 a5 34. Kg2 a4 35. Re3 Qxa2 36. g4 Bc5 37. h4 Bxe3 0-1

[Event "*** Titled Tuesday Blitz"]
[Site "Chess.com"]
[Date "2020.04.14"]
[Round "4"]
[White "WhiteKnight2612"]
[Black "Kotofeyca"]
[Result "1/2-1/2"]
[WhiteElo "2688"]
[BlackElo "2381"]
[TimeControl "180+1"]
[EndTime "10:39:46 PDT"]
[Termination "Game drawn by repetition"]

1. e4 c5 2. d4 cxd4 3. c3 Nf6 4. e5 Nd5 5. cxd4 Nc6 6. Nc3 Nxc3 7. bxc3 d5 8. Nf3 Bg4 9. Bd2 e6 10. Bd3 Be7 11.
h3 Bh5 12. Qe2 Rc8 13. O-O a6 14. Rab1 Na5 15. Qe3 Bg6 16. Nh2 Nc4 17. Bxc4 Bxb1 18. Rxb1 Rxc4 19. Rxb7 O-O 20. Ng4 Rc7 21. Rb3 Qd7 22.
Qg3 Kh8 23. h4 Qa4 24. Rb2 Qa3 25. Rc2 Rb7 26. h5 Qa4 27. Qd3 Rb1+ 28. Kh2 Qb5 29. Qf3 Qf1 30. Kh3 Qh1+ 31. Nh2 Qd1 32. Qxd1 Rxd1 33. Nf3 Rb8 34. c4 dxc4 35. Rxc4 Kg8 36.
Rc7 Kf8 37. h6 gxh6 38. Bxh6+ Ke8 39. Ra7 Rb6 40. Be3 Rc6 41. Ra8+ Kd7 42. Ra7+ Kd8 43. Ra8+ Kc7 44. Ra7+ Kd8 45. Ra8+ Kd7 46. Ra7+ Kd8 1/2-1/2

[Event "*** Titled Tuesday Blitz"]
[Site "Chess.com"]
[Date "2020.04.14"]
[Round "4"]
[White "bracuarta"]
[Black "FranciscodelaF"]
[Result "0-1"]
[WhiteElo "2201"]
[BlackElo "2416"]
[TimeControl "180+1"]
[EndTime "10:39:46 PDT"]
[Termination "FranciscodelaF won on time"]

1. d4 d5 2. c4 e6 3. Nc3 Nf6 4. Nf3 dxc4 5. e4 Bb4 6. Bg5 c5 7. e5 cxd4 8. exf6 gxf6 9. Bd2 dxc3 10. bxc3 Bc5 11. Bxc4 Qc7 12. Bd3 Bd7 13. O-O Bc6 14. Qe2 Nd7 15. Be4 O-O-O 16. Rab1 Rhg8 17. Kh1 Rg4 18. Bxc6 Qxc6 19. h3 Rg7 20. Rg1 Rdg8 21. Bf4 e5 22.
Bg3 Bd6 23. Rbe1 Nc5 24. Nd2 Bc7 25. Qh5 Qe6 26. Ne4 Nxe4 27. Rxe4 f5 28. Rb4 f4 29. Bh2 Bd6 30. Rb5 a6 31. Rb6 Qd5 32. Qf5+ Kc7 33. Rb2 Rxg2 0-1

[Event "*** Titled Tuesday Blitz"]
[Site "Chess.com"]
[Date "2020.04.14"]
[Round "4"]
[White "tigra"]
[Black "Carnivoras"]
[Result "1-0"]
[WhiteElo "2813"]
[BlackElo "2641"]
[TimeControl "180+1"]
[EndTime "10:39:47 PDT"]
[Termination "tigra won by resignation"]

1. e4 e5 2. Nf3 Nc6 3. Bc4 Be7 4. Nc3 Nf6 5. h3 O-O 6. d3 d6 7. g4 Na5 8. Qe2 Nxc4 9. dxc4 Be6 10. b3 c6 11. Bb2 d5 12. cxd5 cxd5 13. exd5 Nxd5 14. O-O-O Nxc3 15. Bxc3 Qb6 16. Nxe5 Rac8 17. Bd4 Qa5 18. Kb1 Rfd8 19. Bb2 Re8 20. Qe4 Bf6 21. f4 g6 22. Rd3 Bg7 23. Qxb7 Rb8 24. Nc6 Qxa2+ 25. Kxa2 Rxb7 26. Bxg7 Kxg7 27. Rhd1 Rc8 28. Nd4 Bd7 29. R1d2 a5 30. c3 Rcb8 31. Ka3 Be8 32. Rb2 Rc7 33.
Re3 Ra7 34. h4 Rc7 35. g5 Rbc8 36. Rc2 Rc5 37. c4 h6 38. Re7 Kf8 39. Ra7 hxg5 40. hxg5 a4 41. Rh2 axb3 42. Ne6+ 1-0

[Event "*** Titled Tuesday Blitz"]
[Site "Chess.com"]
[Date "2020.04.14"]
[Round "4"]
[White "velemajstor767276"]
[Black "Maghalashvili"]
[Result "0-1"]
[WhiteElo "2582"]
[BlackElo "2868"]
[TimeControl "180+1"]
[EndTime "10:39:48 PDT"]
[Termination "Maghalashvili won on time"]

1. d4 Nf6 2. Bg5 e6 3. e4 h6 4. Bxf6 Qxf6 5. c3 d6 6. Bd3 g6 7.
Ne2 Bg7 8. O-O e5 9. f4 exd4 10. cxd4 Nc6 11. e5 dxe5 12. fxe5 Qd8 13. Bc4 O-O 14.
Nbc3 Bf5 15. Rxf5 gxf5 16. Qd3 Ne7 17. Rf1 c5 18. e6 Bxd4+ 19. Kh1 fxe6 20. Nf4 Be5 21.
Qxd8 Rfxd8 22. Nxe6 Kh7 23. Nxd8 Rxd8 24. Re1 Bf6 25.
g3 Rd2 26. b3 Kg6 27. Ne2 Rxa2 28. Nf4+ Kh7 29. Re6 Bg5 30. Nd5 Nxd5 31. Bxd5 b5 32. Rc6 Be3 33. Rc7+ Kg6 34. Rc6+ Kg7 35. Bf3 a5 36.
Bd5 a4 37. bxa4 Rxa4 38. Rc7+ Kf6 39. Bc6 Ra1+ 40. Kg2 b4 41. Bd5 Ke5 42. Bg8 Kd4 43.
Kf3 Rf1+ 44. Kg2 Rf2+ 45. Kh3 Rc2 46. Rd7+ Kc3 47. Rc7 b3 48. Rb7 c4 49. Rc7 Kb4 50.
Rb7+ Ka3 51. Ra7+ Bxa7 0-1

[Event "*** Titled Tuesday Blitz"]
[Site "Chess.com"]
[Date "2020.04.14"]
[Round "4"]
[White "Semen_Khanin"]
[Black "rynos0411"]
[Result "1-0"]
[WhiteElo "2616"]
[BlackElo "2410"]
[TimeControl "180+1"]
[EndTime "10:39:48 PDT"]
[Termination "Semen_Khanin won by checkmate"]

1. e4 e5 2. Nf3 Nc6 3. Bc4 Bc5 4. d3 d6 5. c3 a6 6. Bb3 Ba7 7. Nbd2 Nf6 8. h3 O-O 9. O-O Be6 10. Re1 Re8 11. Bc2 Ne7 12. Nf1 Ng6 13. Ng3 Qd7 14. Ng5 d5 15. Nxe6 Rxe6 16. exd5 Nxd5 17. Bb3 Ree8 18. Qf3 c6 19. Bd2 Kh8 20. Rad1 Rf8 21. Nf5 Rae8 22. Bc1 Ndf4 23. g4 Nd5 24. d4 exd4 25.
Nxd4 Ne5 26. Qg3 Bb8 27. f4 Ng6 28. Rf1 Qe7 29. Bxd5 cxd5 30. Qf3 Rd8 31. Nf5 Qc5+ 32. Be3 Qb5 33. Bd4 f6 34. h4 Nxf4 35. h5 Ne6 36. h6 g6 37. Ng7 Nxd4 38. cxd4 Qd7 39. Rde1 Qd6 40. Qg2 Rd7 41. Ne6 Re8 42. Rxf6 Rde7 43. Qf2 Rxe6 44. Rexe6 Qg3+ 45. Qxg3 Bxg3 46. Rxe8# 1-0

[Event "*** Titled Tuesday Blitz"]
[Site "Chess.com"]
[Date "2020.04.14"]
[Round "4"]
[White "garicradomir"]
[Black "pollo2016"]
[Result "1-0"]
[WhiteElo "2402"]
[BlackElo "2578"]
[TimeControl "180+1"]
[EndTime "10:39:48 PDT"]
[Termination "garicradomir won by checkmate"]

1. e4 c5 2. Nf3 e6 3. c3 b6 4. d4 Bb7 5. Bd3 Nf6 6. Nbd2 cxd4 7. cxd4 Nc6 8. O-O Be7 9. Re1 d6 10. a3 O-O 11. Nf1 Re8 12. Ng3 Nd7 13. h3 Nf8 14.
b4 Ng6 15. Bb2 a6 16. Qd2 Nh4 17. Qf4 Nxf3+ 18. Qxf3 Bf6 19. Qe3 g6 20. Rad1 Bg7 21. f4 Qh4 22. Kh2 e5 23. fxe5 dxe5 24. d5 Nd4 25.
Rf1 Rac8 26. Qf2 Rf8 27. Rc1 Rxc1 28. Bxc1 f5 29. exf5 Bxd5 30. Bxa6 gxf5 31. Nh1 Qe7 32. Qg3 f4 33. Qg4 Kh8 34. Bd3 Rg8 35. Qh5 Bf6 36.
g4 Rg5 37. Qh6 Bg7 38. Qxh7# 1-0

[Event "*** Titled Tuesday Blitz"]
[Site "Chess.com"]
[Date "2020.04.14"]
[Round "4"]
[White "DACF2905"]
[Black "profofchess"]
[Result "0-1"]
[WhiteElo "2168"]
[BlackElo "2402"]
[TimeControl "180+1"]
[EndTime "10:39:48 PDT"]
[Termination "profofchess won by resignation"]

1. d4 Nf6 2. c4 c5 3. Nf3 cxd4 4.
Nxd4 e5 5. Nc2 d5 6. cxd5 Qxd5 7. Qxd5 Nxd5 8. g3 Nc6 9. Bg2 Ndb4 10. Nxb4 Nxb4 11. Na3 Be7 12. O-O O-O 13. Bd2 Rb8 14. Bc3 f6 15. Nc4 Be6 16. Na5 Nd5 17. Be1 Rfc8 18.
Nb3 Nb4 19. Bxb4 Bxb4 20. Rac1 b6 21. Rxc8+ Rxc8 22. Rc1 Rxc1+ 23. Nxc1 Kf7 24. a3 Bd2 25. Nd3 Ke7 26. e3 Bc4 27. Be4 g6 28. g4 Kd6 29.
h4 Bd5 30. Bxd5 Kxd5 31. b3 Ke4 32. Nb2 b5 33. a4 a6 34. axb5 axb5 35. Kg2 Bc1 36.
f3+ Kxe3 37. Nd1+ Kd4 38. Nf2 f5 39. h5 Kc3 40. b4 Be3 41. Nd1+ Kd2 42. Nf2 Bxf2 43.
Kxf2 f4 44. h6 g5 0-1